 Dungeon Crawl Stone Soup version 0.20-a0-201-g851c6fa (webtiles) character file.

154 patrickswayze the Shield-Bearer (level 5, 0/27 HPs)
             Began as a Deep Elf Chaos Knight on Nov 25, 2016.
             Slain by a shadow (4 damage)
             ... summoned by the severe capriciousness of Xom
             ... on level 4 of the Dungeon.
             The game lasted 00:04:46 (3638 turns).

patrickswayze the Shield-Bearer (DECK)              Turns: 3638, Time: 00:04:47

Health: 0/27       AC:  5    Str: 11    XL:     5   Next: 13%
Magic:  7/7        EV: 12    Int: 15    God:    Xom [....*.]
Gold:   167        SH:  5    Dex: 15    Spells: 4/4 levels left

rFire  . . .     SeeInvis .     a - +0 short sword (chaos)
rCold  . . .     Gourm    .     f - +2 leather armour
rNeg   . . .     Faith    .     i - +0 buckler (curse)
rPois  .         Spirit   .     (helmet restricted)
rElec  +         Reflect  .     (no cloak)
rCorr  .         Harm     .     (no gloves)
MR     ++...     Clarity  +     (no boots)
Stlth  +++.......               (no amulet)
                                (no ring)
                                (no ring)

@: no status effects
A: antennae 1, camouflage 1, clarity, dopey 1, frail 1, magic resistance 2,
electricity resistance, strong 1
a: Renounce Religion


You were on level 4 of the Dungeon.
You worshipped Xom.
You were a beloved toy of Xom.
You were very hungry.

You visited 1 branch of the dungeon, and saw 4 of its levels.

You collected 167 gold pieces.


Innate Abilities, Weirdness & Mutations

You have a pair of small antennae on your head.
Your skin changes colour to match your surroundings (Stealth+).
You possess an exceptional clarity of mind.
You are dopey. (Int -2)
You are frail. (-10% HP)
You are highly resistant to hostile enchantments. (MR++)
You are resistant to electric shocks. (rElec)
Your muscles are strong. (Str +2)


   Skills:
 - Level 2.4 Fighting
 - Level 3.0 Short Blades
 - Level 0.7 Armour
 - Level 2.4 Dodging
 - Level 2.4 Stealth
 + Level 3.5 Shields


You had 4 spell levels left.
You didn't know any spells.

Inventory:

Hand Weapons
 a - a +0 short sword of chaos (weapon)
 b - a +0 dagger of venom
Missiles
 j - 136 stones
 r - 2 tomahawks
 t - 5 poisoned javelins (quivered)
Armour
 f - a +2 leather armour (worn)
 i - a cursed +0 buckler (worn)
 v - a +0 hat of magic resistance
Rods
 q - a -1 lightning rod (13/13)
   (You found it on level 3 of the Dungeon)
Jewellery
 l - a +3 ring of strength {unknown}
Scrolls
 o - a scroll of teleportation {unknown}
 p - a scroll of amnesia {unknown}
 s - a scroll of identify {unknown}
 u - a scroll of magic mapping {unknown}
 w - a scroll of immolation {unknown}
Potions
 d - a potion of heal wounds
 e - a potion of degeneration {unknown}
 k - 4 potions of magic
 m - a potion of flight
 n - a potion of mutation {unknown}
Comestibles
 c - 3 bread rations
 g - 2 beef jerkies
 h - a royal jelly


Message History

You barely miss the phantom.
The phantom is almost destroyed. "Try this."
Flickering shadows surround you. You block the phantom's attack.
You closely miss the phantom.
The phantom is almost destroyed.
The phantom hits you! The shadow misses you.
The shadow slips into darkness.
The shadow flickers and vanishes!
Deactivating autopickup; reactivate with Ctrl-A.
The phantom blinks!
The phantom blinks!
There is a stone staircase leading up here.
The shadow strikes at you from the darkness!
* * * LOW HITPOINT WARNING * * *
Reactivating autopickup.
The shadow hits you.
You die... "Boring in life, boring in death..."

#..# .. #..# ....
####..# #.#..
#.....# ##.....
#....##..[...#
#####............
#...#.ยค..........
#..W..W@.......#
####..W........#
###....##...#
###.## .. ##.. #..
... .. .#.


You could see a phantom and 2 shadows.

Vanquished Creatures
  Natasha (D:3)
  4 adders
  A worm (D:2)
  2 dart slugs
  3 leopard geckos
  6 orcs (D:3)
  A ball python (D:3)
  3 bats
  7 giant cockroaches
  13 goblins
  4 hobgoblins
  10 kobolds
  A quokka (D:2)
  2 frilled lizards
  2 rats
60 creatures vanquished.

Vanquished Creatures (collateral kills)
  Robin (D:3)
  4 goblins (D:3)
  A hobgoblin (D:3)
6 creatures vanquished.

Grand Total: 66 creatures vanquished

Notes
Turn   | Place    | Note
-------+----------+-------------------------------------------
     0 | D:1      | patrickswayze the Deep Elf Chaos Knight began the quest for the Orb.
     0 | D:1      | Reached XP level 1. HP: 13/13 MP: 3/3
    52 | D:1      | XOM: butterfly on damage
    54 | D:1      | Reached skill level 1 in Stealth
    88 | D:1      | XOM: butterfly on damage
   136 | D:1      | XOM: harmless Conj miscast
   190 | D:1      | Found an iron altar of Okawaru.
   386 | D:1      | Reached XP level 2. HP: 14/18 MP: 4/4
   909 | D:1      | Reached skill level 1 in Shields
  1144 | D:2      | Reached XP level 3. HP: 20/22 MP: 5/5
  1187 | D:2      | Found a basalt altar of Yredelemnul.
  1188 | D:2      | Found a deep blue altar of Sif Muna.
  1317 | D:2      | XOM: silly message
  1335 | D:2      | Found a snail-covered altar of Cheibriados.
  1414 | D:2      | Found a white marble altar of Elyvilon.
  1452 | D:2      | XOM is BORED!
  1452 | D:2      | XOM: give mutations
  1452 | D:2      | Gained mutation: You are dopey. (Int -2) [Xom's mischief]
  1452 | D:2      | Gained mutation: You have a pair of small antennae on your head. [Xom's mischief]
  1452 | D:2      | Gained mutation: You are frail. (-10% HP) [Xom's mischief]
  1452 | D:2      | Gained mutation: You possess an exceptional clarity of mind. [Xom's mischief]
  1499 | D:2      | Found a shadowy altar of Dithmenos.
  1537 | D:2      | XOM: confuse monster(s)
  1578 | D:1      | XOM: give mutation
  1578 | D:1      | Gained mutation: Your muscles are strong. (Str +2) [Xom's grace]
  2100 | D:2      | XOM: god gift: scimitar {god gift}
  2474 | D:3      | XOM: god gift: 5 poisoned javelins
  2540 | D:3      | Noticed Robin
  2554 | D:3      | Reached XP level 4. HP: 14/24 MP: 6/6
  2556 | D:3      | XOM: summons friendly white imp
  2600 | D:3      | Killed Robin
  2854 | D:3      | XOM: divination: magic mapping
  2862 | D:3      | Reached skill level 3 in Shields
  2909 | D:3      | XOM: cast spell 'Chain of Chaos'
  2910 | D:3      | Noticed Natasha
  2920 | D:3      | HP: 2/24 [Natasha (7)]
  2922 | D:3      | Killed Natasha
  3017 | D:3      | Found a sacrificial altar of Ru.
  3127 | D:3      | XOM: give mutations
  3127 | D:3      | Gained mutation: You are resistant to hostile enchantments. (MR+) [Xom's grace]
  3127 | D:3      | Gained mutation: Your skin changes colour to match your surroundings (Stealth+). [Xom's grace]
  3140 | D:3      | XOM: god gift: ring mail {god gift}
  3171 | D:3      | Reached XP level 5. HP: 16/27 MP: 7/7
  3457 | D:3      | XOM: polymorph hobgoblin -> bat
  3526 | D:3      | XOM: give mutations
  3526 | D:3      | Gained mutation: You are resistant to electric shocks. (rElec) [Xom's grace]
  3526 | D:3      | Gained mutation: You are highly resistant to hostile enchantments. (MR++) [Xom's grace]
  3617 | D:4      | Noticed a phantom
  3621 | D:4      | XOM: divine lightning (protected)
  3633 | D:4      | XOM: medium Necr miscast
  3634 | D:4      | Noticed a shadow
  3634 | D:4      | Noticed a shadow
  3638 | D:4      | HP: 4/27 [something (9)]
  3638 | D:4      | Slain by a shadow

Vault maps used:
D:1:      lemuel_arrival_muddy, kennysheep_nondescript, minmay_crystal_room,
          okawaru_ov_weapons_minmay
D:2:      lemuel_round_altar, kennysheep_slug_shrine, lemuel_round_altar,
          grunt_temple_overflow_open, minmay_cut_off
D:3:      marbit_many_paths, first_bread, grunt_ministairs_2, uniq_natasha,
          uniq_robin
D:4:      nicolae_overflow_hidden_temple, minivault_24, grunt_ministairs_8,
          minmay_snake_closets

Action                   |  1- 3 |  4- 6 || total
-------------------------+-------+-------++-------
Melee: Short sword       |    33 |     5 ||    38
       Dagger            |    78 |    60 ||   138
Throw: Javelin           |       |     5 ||     5
       Stone             |       |     2 ||     2
  Use: Scroll            |     1 |       ||     1
       Potion            |       |     3 ||     3
 Stab: Sleeping          |     9 |     2 ||    11
  Eat: Chunk             |     5 |     2 ||     7
Armor: Leather armour    |    31 |     9 ||    40
Dodge: Dodged            |    46 |    30 ||    76
Block: Buckler           |    13 |    17 ||    30
